 Dungeon Crawl Stone Soup version 0.30.0-17-ge0270778cf (webtiles) character file.

Game seed: 14261555801835382240

673826 jlumianski the Slayer (level 27, -11/231 HPs)
             Began as a Demonspawn Fighter on May 20, 2023.
             Was the Champion of Qazlal.
             Killed from afar by a black draconian (32 damage)
             ... with a bolt of lightning
             ... led by a green draconian monk
             ... on level 2 of the Realm of Zot on May 22, 2023.
             The game lasted 07:16:45 (76363 turns).

jlumianski the Slayer (Demonspawn Fighter)         Turns: 76363, Time: 07:16:46

Health: -11/231    AC: 32    Str: 35    XL:     27
Magic:  0/37       EV: 16    Int: 10    God:    Qazlal [******]
Gold:   2164       SH: 24    Dex: 14    Spells: 16/34 levels left

rFire   + + .        g - +9 broad axe (flame)
rCold   . . .        i - +0 kite shield {AC+3}
rNeg    + . .        r - +0 gold dragon scales
rPois   +            (no helmet)
rElec   +            (cloak unavailable)
rCorr   +            Z - +3 pair of gauntlets of War {Slay+5}
SInv    +            (no boots)
Will    ++...        C - amulet of Curiosity {Spirit rCorr Slay+3} Stlth
                     M - ring of see invisible
HPRegen 0.58/turn    H - ring of Sicson Akla {rN+ Str+6}
MPRegen 0.25/turn

%: repel missiles, guardian spirit
@: mighty, agile, protected from electricity, studying Ice Magic
A: molten scales 3, ignite blood 3, powered by pain 3, augmentation 3, weakness
stinger 3, claws 1, talons 1, shaggy fur 1, cold vulnerability 1, subdued magic
1
}: 4/15 runes: decaying, serpentine, slimy, silver
a: Renounce Religion, Upheaval, Elemental Force, Disaster Area


You were on level 2 of the Realm of Zot.
You worshipped Qazlal.
Qazlal was exalted by your worship.
You visited 13 branches of the dungeon, and saw 57 of its levels.
You visited the Abyss 3 times.
You also visited: Trove, Ossuary and Ice Cave.

You collected 7286 gold pieces.
You spent 5122 gold pieces at shops.

Inventory:

Hand Weapons
 g - a +9 broad axe of flaming (weapon)
Missiles
 p - 18 atropa-tipped darts
 s - 19 boomerangs (quivered)
 G - 4 throwing nets
Armour
 h - the +2 helmet "Xyruewna" {Will+ Dex+2}
   (You bought it in a shop on level 1 of the Snake Pit)

   Dex:       It affects your dexterity (+2).
   Will:      It increases your willpower.
 i - a +0 kite shield of protection (worn)
 o - a +2 pair of boots
 r - +0 gold dragon scales (worn)
 Z - the +3 pair of gauntlets of War (worn) {Slay+5}
   (You bought it in a shop on level 2 of the Orcish Mines)

   Slay:      It affects your accuracy & damage with ranged weapons and melee
   (+5).
Jewellery
 a - a +4 ring of protection
 c - a ring of ice
 e - a +6 ring of intelligence
 l - the ring of Mureh {Contam EV+5 Dex+8}
   (You found it on level 2 of the Orcish Mines)

   [ring of evasion]

   EV:        It affects your evasion (+5).
   Dex:       It affects your dexterity (+8).
   Contam:    It causes magical contamination when unequipped.
 m - a ring of flight
 A - a ring of poison resistance
 C - the amulet of Curiosity (around neck) {Spirit rCorr Slay+3}
   (You found it on level 2 of the Vaults)

   [amulet of guardian spirit]

   It causes incoming damage to be divided between your reserves of health and
   magic.
   Slay:      It affects your accuracy & damage with ranged weapons and melee
   (+3).
   rCorr:     It protects you from acid and corrosion.
 E - an amulet of reflection
 H - the ring of Sicson Akla (right hand) {rN+ Str+6}
   (You bought it in a shop on level 2 of the Orcish Mines)

   [ring of strength]

   Str:       It affects your strength (+6).
   rN:        It protects you from negative energy.
 M - a ring of see invisible (left hand)
Wands
 j - a wand of digging (28)
 N - a wand of roots (74)
 V - a wand of acid (29)
 Y - a wand of mindburst (12)
Scrolls
 t - 5 scrolls of silence
 v - 3 scrolls of blinking
 y - 21 scrolls of teleportation
 z - a scroll of fog
 B - a scroll of immolation
 F - 7 scrolls of fear
 L - 13 scrolls of poison
 R - 5 scrolls of magic mapping
 W - 3 scrolls of summoning
Potions
 b - 14 potions of mutation
 d - 5 potions of might
 k - 13 potions of haste
 n - 4 potions of cancellation
 q - 22 potions of curing
 w - 3 potions of resistance
 x - 3 potions of invisibility
 O - 4 potions of berserk rage
 P - 4 potions of heal wounds
Miscellaneous
 f - a lightning rod (1/4)
 u - a phantom mirror
 I - the horn of Geryon
 T - a condenser vane (inert)
 U - a box of beasts


   Skills:
 * Level 22.3 Fighting
 - Level 18.0 Axes
 - Level 2.0 Throwing
 + Level 14.9 Armour
 + Level 11.1 Dodging
 - Level 0.8 Stealth
 + Level 22.1 Shields
 - Level 4.3 Spellcasting
 - Level 16.7 Hexes
 + Level 0.8 Summonings
 * Level 21.1 Invocations
 * Level 18.4 Evocations


You had 16 spell levels left.
You knew the following spells:

 Your Spells              Type           Power      Damage    Failure   Level
a - Confusing Touch       Hex            27%        N/A       1%          3
b - Ensorcelled Hibernat  Hex/Ice        28%        N/A       13%         2
c - Tukima's Dance        Hex            27%        N/A       1%          3
d - Summon Guardian Gole  Hex/Summ       15%        N/A       22%         3
e - Inner Flame           Hex/Fire       14%        N/A       26%         3
f - Cause Fear            Hex            13%        N/A       2%          4

Your spell library contained the following spells:

 Spells                   Type           Power      Damage    Failure   Level
 Anguish                  Hex/Necr       7%         N/A       65%         4
 Summon Small Mammal      Summ           8%         N/A       89%         1
 Summon Mana Viper        Hex/Summ       15%        N/A       91%         5
 Metabolic Englaciation   Hex/Ice        7%         N/A       94%         5
 Silence                  Hex/Air        7%         N/A       94%         5
 Yara's Violent Unravell  Hex/Tmut       7%         3d5       94%         5
 Enfeeble                 Hex            13%        N/A       94%         7
 Apportation              Tloc           2%         N/A       96%         1
 Foxfire                  Conj/Fire      4%         2x1d4     96%         1
 Freeze                   Ice            4%         1d3       96%         1
 Kiss of Death            Conj/Necr      4%         2d5       96%         1
 Necrotise                Necr           4%         1d4       96%         1
 Sandblast                Erth           2%         2d4       96%         1
 Shock                    Conj/Air       4%         1d3       96%         1
 Sting                    Tmut/Pois      4%         1d3       96%         1
 Cigotuvi's Dreadful Rot  Necr/Pois/Air  2%         N/A       99%         2
 Lesser Beckoning         Tloc           2%         N/A       99%         2
 Passwall                 Tmut/Erth      0%         N/A       99%         2
 Static Discharge         Conj/Air       2%         2-3/arc   99%         2
 Sublimation of Blood     Necr           1%         N/A       99%         2
 Wereblood                Tmut           1%         N/A       99%         2
 Frozen Ramparts          Ice            2%         1d1       100%        3
 Gell's Gravitas          Tloc           1%         N/A       100%        3
 Hailstorm                Conj/Ice       1%         3d3       100%        3
 Ozocubu's Armour         Ice            1%         N/A       100%        3
 Spider Form              Tmut/Pois      1%         N/A       100%        3
 Stone Arrow              Conj/Erth      2%         3d7       100%        3
 Swiftness                Air            1%         N/A       100%        3
 Teleport Other           Tloc           1%         N/A       100%        3
 Vhi's Electric Charge    Tloc/Air       2%         N/A       100%        3
 Airstrike                Air            0%         2d(1-17)  100%        4
 Animate Armour           Summ/Erth      4%         N/A       100%        4
 Dispel Undead            Necr           1%         3d6       100%        4
 Olgreb's Toxic Radiance  Pois           1%         N/A       100%        4
 Passage of Golubria      Tloc           1%         N/A       100%        4
 Petrify                  Tmut/Erth      1%         N/A       100%        4
 Summon Ice Beast         Ice/Summ       2%         N/A       100%        4
 Summon Lightning Spire   Summ/Air       2%         N/A       100%        4
 Alistair's Intoxication  Tmut/Pois      0%         N/A       100%        5
 Arcjolt                  Conj/Air       0%         1d10      100%        5
 Blade Hands              Tmut           0%         N/A       100%        5
 Borgnjor's Vile Clutch   Necr/Erth      0%         N/A       100%        5
 Fireball                 Conj/Fire      0%         3d3       100%        5
 Summon Forest            Summ/Tloc      1%         N/A       100%        5
 Conjure Ball Lightning   Conj/Air       0%         3x3d6     100%        6
 Death Channel            Necr           0%         N/A       100%        6
 Eringya's Noxious Bog    Tmut/Pois      0%         N/A       100%        6
 Iron Shot                Conj/Erth      0%         9d1       100%        6
 Plasma Beam              Fire/Air       0%         2x1d11    100%        6
 Simulacrum               Ice/Necr       0%         N/A       100%        6
 Starburst                Conj/Fire      0%         6d3       100%        6
 Statue Form              Tmut/Erth      0%         N/A       100%        6
 Summon Cactus Giant      Summ           1%         N/A       100%        6
 Malign Gateway           Summ/Tloc      1%         N/A       100%        7
 Monstrous Menagerie      Summ           1%         N/A       100%        7
 Ozocubu's Refrigeration  Ice            0%         4d7       100%        7
 Summon Hydra             Summ           1%         N/A       100%        7
 Discord                  Hex            13%        N/A       100%        8
 Disjunction              Tloc           0%         N/A       100%        8
 Ignition                 Fire           0%         3d3       100%        8
 Necromutation            Tmut/Necr      0%         N/A       100%        8
 Chain Lightning          Conj/Air       0%         2d1       100%        9
 Fire Storm               Conj/Fire      0%         6d1       100%        9
 Polar Vortex             Ice            0%         N/A       100%        9
 Shatter                  Erth           0%         3d5*      100%        9


Dungeon Overview and Level Annotations

Branches:
Dungeon (15/15)            Temple (1/1) D:5            Lair (5/5) D:11
  Swamp (4/4) Lair:2        Snake (4/4) Lair:2        Slime (5/5) Lair:4
    Orc (2/2) D:9             Elf (3/3) Orc:2        Vaults (5/5) D:13
  Crypt (0/3) Vaults:2     Depths (4/4) D:15           Hell (visited)
    Dis (0/7) Hell            Geh (5/7) Hell            Coc (0/7) Hell
    Tar (0/7) Hell            Zot (3/5) Depths:4    Ossuary (visited)
  IceCv (visited)

Altars:
Fedhas
Gozag
Kikubaaqudgha
Nemelex Xobeh
Okawaru
Qazlal
Ru
Sif Muna
Trog
Vehumet
Wu Jian
Xom

Shops:
D:1 *   Orc:2 =[[(!   Elf:1 [?::*   Snake:1 [   Snake:3 :=:!   Vaults:1 (
Vaults:3 ([:   Vaults:4 ([   Vaults:5 ?!!

Portals:
Hell: Depths:1 Depths:2 Depths:3 Depths:4
Abyss: Depths:2 Depths:3
Pandemonium: Depths:1 Depths:2 Depths:4
Ziggurat: Depths:3


Innate Abilities, Weirdness & Mutations

You are completely covered in molten scales. (AC +4, rF+)
Your demonic aura causes all spilled blood to erupt in flames.
You are powered by pain.
Your magical and physical power is greatly enhanced at high health.
You have a sharp stinger which inflicts weakening toxins.
You have sharp fingernails.
You have sharp toenails.
You are covered in fur. (AC +1)
You are vulnerable to cold. (rC-)
Your spells are a little easier to cast, but a little less powerful.


Message History

You feel protected from fire.
* * * LOW HITPOINT WARNING * * *
Aiming: Upheaval
Press: ? - help, Dir - move target, f/p - black draconian
Aim: a black draconian, wielding a +1 dire flail of protection (heavily wounded)
The ground shakes violently, spewing rubble!
The blast of rubble hits the red draconian.
The red draconian is moderately wounded.
The blast of rubble hits the black draconian!!
The black draconian is severely wounded.
The blast of rubble hits the red draconian scorcher!
The red draconian scorcher is severely wounded.
You block the red draconian's attack.
Aiming: Thunderbolt
Press: ? - help, Shift-Dir - straight line, f/p - black draconian
Aim: a black draconian, wielding a +1 dire flail of protection (severely wounded)
The thunderbolt hits the red draconian scorcher!!
You kill the red draconian scorcher!
Qazlal accepts your kill.
The thunderbolt hits the black draconian.
The black draconian completely resists.
The black draconian is severely wounded.
The thunderbolt hits the red draconian!!
The red draconian is severely wounded.
You block the red draconian's attack. The red draconian breathes fire at you.
The searing blast hits you. You resist.
* * * LOW HITPOINT WARNING * * *
Things that are here:
a +1 long sword of distortion; a +0 cloak; a white draconian corpse You slice the red draconian like a ripe choko!!!
You burn the red draconian!
You kill the red draconian!
Qazlal accepts your kill.
The black draconian is engulfed in blazing flames.
The black draconian breathes lightning at you.
The bolt of lightning hits you!!
Your resistance to fire fades away.
You feel protected from electricity.
You die...

.............##.......(.....#
.....#.......##......†......#
.....##......##...##........#
.....##......##..#######...##
.....#...#...##..# #..#
#...#....#...##.)# ..#
#...#....#[..###d# ..#
#.......).....##§# ..#
#.............##@# .#
#.............°#°##
##..............°[#
#...###..........# #...#
#....#...○.# #..##
#....##....## ##.##
#....###....#####. #..##
##....###..........
....###...!.##...........


You could see a black draconian (catching breath).

Vanquished Creatures
  the Royal Jelly (Slime:5)
  2 dread liches
  2 ancient liches
  An orb of fire (Zot:3)
  A juggernaut (Depths:4)
  3 royal mummies (Depths:2)
  Boris (Vaults:4)
  Saint Roka (Elf:2)
  4 caustic shrikes (Depths:1)
  5 golden dragons
  13 bone dragons
  Nikola (D:15)
  An electric golem (Zot:2)
  A Brimstone Fiend (Geh:4)
  11 hellephants
  Zenata (Vaults:3)
  An iron giant (Depths:3)
  8 tentacled monstrosities
  8 liches
  Jorgrun (Swamp:2)
  5 quicksilver dragons
  A walking divine tome (Abyss:5)
  2 deep elf master archers (Elf:3)
  3 deep elf blademasters
  3 sphinxes
  A walking earthen tome (Depths:3)
  2 searing wretches
  Frances (Elf:1)
  27 acid blobs
  3 ancient champions
  An Executioner (Abyss:3)
  3 death cobs
  10 titans
  24 tentacled starspawn
  A thorn hunter (Swamp:4)
  A kraken (Swamp:1)
  Agnes (Snake:3)
  11 shadow dragons
  5 tengu reavers
  Roxanne (Elf:3)
  10 storm dragons
  A draconian monk (Zot:2)
  3 revenants
  3 fenstrider witches
  3 nagarajas
  8 rockslimes
  A draconian knight (Zot:2)
  7 azure jellies
  9 fire giants
  6 deep elf sorcerers
  The ghost of snackwell the Impaler, a journeyman MfGl of Fedhas (Orc:2)
  16 vault wardens
  7 frost giants
  4 iron dragons
  Aizul (Snake:1)
  A caustic shrike zombie (Abyss:5)
  6 balrugs
  6 deep elf elementalists
  2 draconian shifters
  Louise (Elf:1)
  2 draconian scorchers
  An angel (Abyss:4)
  3 cacodemons
  5 orc warlords
  2 spriggan defenders (Depths:3)
  A ghoul (Vaults:2)
  14 ironbound preservers
  7 reapers
  5 war gargoyles
  3 draconian stormcallers
  13 quicksilver oozes
  13 stone giants
  12 ironbound thunderhulks
  3 draconian annihilators
  22 very ugly things
  A juggernaut skeleton (Abyss:5)
  3 black draconians
  2 vampire knights
  3 ophanim
  3 green draconians
  6 deep elf demonologists
  4 eleionomae
  A bunyip (shapeshifter) (Abyss:3)
  20 dire elephants
  3 purple draconians
  7 deep elf annihilators
  4 yellow draconians
  3 bunyips
  4 white draconians
  3 lorocyprocas
  A crystal guardian (Abyss:3)
  7 deep elf death magi
  4 blizzard demons
  2 green deaths
  2 eidola (Vaults:2)
  2 mummy priests (Depths:2)
  3 entropy weavers
  14 ettins
  6 red draconians
  9 fire dragons
  2 quicksilver dragon zombies
  2 jiangshi (Abyss:3)
  4 deep elf high priests
  18 yaktaur captains
  9 great orbs of eyes
  2 spriggan zombies (Abyss:1)
  3 hell beasts
  33 vault guards
  8 salamander tyrants
  8 ice dragons
  2 ogre magi (D:13)
  5 spriggan air magi
  6 rakshasas
  A spriggan skeleton (Hell)
  24 hydras
  5 ironbound frosthearts
  2 death knights
  3 ghost crabs
  15 anacondas
  A catoblepas (D:12)
  24 dancing weapons
  A stoker (Geh:2)
  A satyr (shapeshifter) (Vaults:5)
  An alligator (shapeshifter) (Abyss:4)
  9 alligators
  16 centaur warriors
  4 tengu warriors
  6 boulder beetles
  3 deep troll shamans
  An anaconda (shapeshifter) (Vaults:4)
  7 two-headed ogres
  A vampire mage (Depths:3)
  4 deep troll earth magi (Depths:3)
  5 death yaks (D:11)
  36 hell hogs
  5 spriggan berserkers
  An orc high priest (Orc:2)
  11 soul eaters
  7 hell knights
  14 naga sharpshooters
  11 naga warriors
  6 shock serpents
  7 iron trolls (Depths:3)
  16 sun demons
  33 thrashing horrors
  16 wretched stars
  A titan skeleton (Abyss:5)
  11 spriggans
  3 skysharks
  An anaconda zombie (Hell)
  16 deep elf knights
  12 skeletal warriors
  2 sixfirhies
  A shadow wraith (Abyss:3)
  9 salamander mystics
  6 goliath frogs
  A spatial maelstrom (Abyss:5)
  8 glowing orange brains
  6 naga ritualists
  21 bog bodies
  2 deep elf archers
  36 deep trolls
  4 wizards
  2 spriggan druids
  A shadow demon (Abyss:4)
  A flayed ghost (Vaults:4)
  2 swamp dragons (shapeshifter)
  7 phantasmal warriors
  Pikel (D:4)
  8 swamp dragons
  3 anaconda skeletons (Hell)
  12 lindwurms
  A wolf spider (shapeshifter) (Vaults:4)
  8 harpies
  14 ironbound convokers
  5 necromancers
  7 orc knights
  27 salamanders
  2 wolf spiders
  4 will-o-the-wisps
  32 deep elf zephyrmancers
  9 orc sorcerers
  25 deep elf pyromancers
  15 moths of wrath
  A cyclops (shapeshifter) (Vaults:4)
  2 manticores
  9 mana vipers
  8 cyclopes
  4 shining eyes
  A moth of wrath (shapeshifter) (Vaults:5)
  9 rust devils
  11 worldbinders
  33 ugly things
  Joseph (D:7)
  2 apocalypse crabs (Abyss:3)
  9 guardian serpents
  4 gargoyles
  5 molten gargoyles (Hell)
  49 black mambas
  10 vault sentinels
  A black mamba (shapeshifter) (Elf:1)
  A guardian serpent (shapeshifter) (D:15)
  17 smoke demons
  6 orange demons
  3 ice statues
  6 eyes of devastation
  10 naga magi
  2 unseen horrors
  15 cane toads
  3 hellions
  2 demonic crawlers (Abyss:4)
  7 kobold demonologists
  2 unseen horrors (shapeshifter)
  9 freezing wraiths
  A komodo dragon (shapeshifter) (D:15)
  6 efreet
  A naga skeleton (Abyss:5)
  3 anaconda simulacra
  34 yaktaurs
  3 ice devils
  3 rime drakes
  A hydra zombie (Hell)
  4 komodo dragons
  3 tormentors
  4 tengu conjurers
  A yaktaur (shapeshifter) (D:14)
  A sea snake skeleton (Hell)
  15 ancient zymes
  81 starcursed masses
  2 harpy zombies
  6 trolls
  A hellwing (Abyss:3)
  4 polar bears (Lair:4)
  A tarantella (Vaults:2)
  3 meliai (D:14)
  A red devil (Hell)
  The ghost of SecretSquirrel the Shooter, an amateur MiHu (D:6)
  11 tyrant leeches
  A meliai (shapeshifter) (Vaults:5)
  Grinder (D:6)
  23 blink frogs
  13 hornets
  An ettin zombie (Abyss:1)
  Prince Ribbit (D:5)
  12 dream sheep
  A hydra skeleton (Hell)
  64 raiju
  Sigmund (D:4)
  90 slime creatures
  10 flying skulls
  3 air elementals
  4 shadows
  5 water elementals
  12 ynoxinuls
  2 alligator skeletons (Hell)
  7 wraiths
  An ettin skeleton (Abyss:4)
  2 basilisks
  54 yaks
  47 large abominations
  11 wyverns
  Eustachio (D:5)
  4 fire bats (Abyss:3)
  A dire elephant simulacrum (Abyss:4)
  3 death yak simulacra (IceCv)
  15 golden eyes
  7 fire elementals
  6 vampire mosquitoes
  10 chaos spawn
  13 neqoxecs
  A redback (shapeshifter) (Vaults:4)
  5 redbacks
  Menkaure (D:5)
  Edmund (D:4)
  3 spatial vortices (Abyss:5)
  A steam dragon (Lair:2)
  16 swamp worms
  15 wargs
  25 nagas
  A hydra simulacrum (IceCv)
  A harpy simulacrum (IceCv)
  19 water moccasins
  2 acid dragons
  48 orc warriors
  3 ice beasts
  12 swamp drakes
  A black bear (shapeshifter) (Vaults:4)
  38 small abominations
  5 black bears
  12 ogres
  15 wolves
  2 phantoms
  24 centaurs
  A swamp dragon skeleton (Hell)
  3 lemures
  5 elf zombies (Ossuary)
  13 kobold brigands
  8 bullfrogs
  9 gnoll sergeants (D:11)
  9 two-headed ogre simulacra (IceCv)
  A scorpion (D:4)
  3 earth elementals
  A cane toad simulacrum (IceCv)
  7 wights
  3 elephant simulacra (IceCv)
  13 electric eels
  9 howler monkeys
  7 quasits
  4 jellies
  7 gnoll boudas (D:11)
  3 human zombies (Ossuary)
  25 orc priests
  4 centaur zombies (Ossuary)
  3 hounds
  4 iguanas
  6 iron imps
  3 sleepcaps
  Ijyb (D:4)
  23 orc wizards
  3 troll simulacra (IceCv)
  6 hell rats (Lair:4)
  4 spriggan simulacra
  A polar bear simulacrum (IceCv)
  3 wolf simulacra (IceCv)
  3 mummies (Ossuary)
  10 gnolls
  5 naga simulacra (IceCv)
  5 adders
  4 shadow imps
  6 white imps
  12 ufetubi
  4 worms
  2 dart slugs (D:1)
  83 orcs
  5 bats
  8 endoplasms
  3 giant cockroaches
  5 goblins
  4 hobgoblins
  7 jackals
  41 kobolds
  14 ball pythons
  3 frilled lizards
  8 kobold skeletons (D:12)
  10 kobold zombies (D:12)
  4 rats (D:1)
  3 creeping infernos
  27 fire vortices
  4 lurking horrors
  33 starspawn tentacles
2832 creatures vanquished.

Vanquished Creatures (collateral kills)
  the Lernaean hydra (Swamp:4)
  Margery (Vaults:4)
  Geryon (Hell)
  A golden dragon (Zot:2)
  A bone dragon (Abyss:4)
  A quicksilver dragon (Zot:3)
  A daeva (Abyss:2)
  A deep elf sorcerer (Elf:3)
  3 balrugs (Geh:4)
  A deep elf annihilator (Elf:3)
  An entropy weaver (Vaults:3)
  A yaktaur captain (Vaults:5)
  An ice dragon (D:15)
  A vault guard (D:13)
  A dancing weapon (Elf:2)
  A deep troll shaman (Depths:2)
  An orc high priest (Orc:1)
  A salamander mystic (Snake:2)
  A hell knight (Vaults:4)
  A wizard (Vaults:3)
  A naga ritualist (Snake:4)
  2 deep elf zephyrmancers
  An orc knight (D:13)
  A deep elf pyromancer (Elf:2)
  2 mana vipers
  A naga mage (Snake:4)
  A freezing wraith (D:15)
  A komodo dragon (Lair:3)
  2 dream sheep (Lair:3)
  A jumping spider (Vaults:3)
  A wyvern (Lair:3)
  A water moccasin (Lair:3)
  6 kobold brigands (D:12)
  An orc (Orc:1)
  5 kobolds (D:12)
  2 fire vortices (Geh:4)
51 creatures vanquished.

Vanquished Creatures (others)
  3 deep elf knights
  A bog body (Swamp:1)
  A deep elf archer (Elf:3)
  A bloated husk (Swamp:1)
  A raiju (shapeshifter) (Vaults:5)
  A wyvern (shapeshifter) (Vaults:5)
  A warg (shapeshifter) (Vaults:5)
  A large abomination (Abyss:5)
  An orc warrior (Orc:2)
  2 swamp drakes (Swamp:1)
  An electric eel (D:10)
  A small abomination (Abyss:3)
  A gnoll bouda (Orc:2)
  An orc wizard (Orc:2)
  4 creeping infernos
  5 fire vortices
  8 foxfires
  3 lurking horrors (Abyss:4)
  59 starspawn tentacles
  8 tentacles (Swamp:1)
104 creatures vanquished.

Grand Total: 2987 creatures vanquished

Notes
Turn   | Place    | Note
-------+----------+-------------------------------------------
     0 | D:1      | jlumianski the Demonspawn Fighter began the quest for the
                  | Orb.
     0 | D:1      | Reached XP level 1. HP: 18/18 MP: 1/1
    70 | D:1      | Gained mutation: Your demonic aura sometimes causes spilled
                  | blood to erupt in flames. [demonic ancestry]
    70 | D:1      | Reached XP level 2. HP: 10/24 MP: 2/2
    77 | D:1      | Found Ojulagof's Assorted Antiques.
   261 | D:2      | Gained mutation: You have a small tail. [demonic ancestry]
   261 | D:2      | Reached XP level 3. HP: 6/24 MP: 3/3
   416 | D:2      | Found a faded altar of an unknown god.
   420 | D:2      | Reached XP level 4. HP: 35/35 MP: 4/4
  1374 | D:4      | Found a shimmering altar of Xom.
  1376 | D:4      | Noticed Ijyb
  1382 | D:4      | Paralysed by Ijyb for 4 turns
  1390 | D:4      | Killed Ijyb
  1391 | D:4      | Reached XP level 5. HP: 41/41 MP: 5/5
  2215 | D:5      | Entered Level 5 of the Dungeon
  2277 | D:5      | Identified the +2 ring mail of Ydati {Will+ Slay+2}
  2316 | D:5      | Found a sand-covered staircase.
  2317 | D:5      | Noticed a lemure
  2323 | Ossuary  | Entered an ossuary
  2338 | Ossuary  | Gained mutation: You are partially covered in molten
                  | scales. (AC +2) [demonic ancestry]
  2338 | Ossuary  | Reached XP level 6. HP: 47/48 MP: 6/6
  2362 | Ossuary  | Reached skill level 1 in Dodging
  2414 | Ossuary  | Reached skill level 5 in Axes
  2429 | Ossuary  | Reached XP level 7. HP: 54/54 MP: 7/7
  2784 | D:4      | Noticed Edmund
  2795 | D:4      | Killed Edmund
  2796 | D:4      | Reached XP level 8. HP: 55/61 MP: 8/8
  3003 | D:4      | Noticed Sigmund
  3013 | D:4      | Killed Sigmund
  3014 | D:4      | Reached skill level 1 in Throwing
  3158 | D:5      | Reached skill level 5 in Fighting
  3246 | D:5      | Noticed Pikel
  3290 | D:4      | Killed Pikel
  3323 | D:5      | Noticed Menkaure
  3385 | D:5      | Killed Menkaure
  3386 | D:5      | Gained mutation: You sometimes gain a little power by
                  | taking damage. [demonic ancestry]
  3386 | D:5      | Reached XP level 9. HP: 68/68 MP: 9/9
  3502 | D:5      | Noticed Prince Ribbit
  3508 | D:5      | Killed Prince Ribbit
  3516 | D:5      | Learned a level 3 spell: Confusing Touch
  3652 | D:5      | Found a staircase to the Ecumenical Temple.
  3658 | Temple   | Entered the Ecumenical Temple
  3666 | Temple   | Became a worshipper of Qazlal Stormbringer
  3729 | D:5      | Noticed Eustachio
  3740 | D:5      | Killed Eustachio
  3745 | D:5      | Reached skill level 1 in Invocations
  3748 | D:5      | Gained mutation: Your mind is acute. (Int +4, Str/Dex -1)
                  | [potion of mutation]
  3748 | D:5      | Gained mutation: Your body sometimes deteriorates upon
                  | taking damage. [potion of mutation]
  3749 | D:5      | Lost mutation: Your body sometimes deteriorates upon taking
                  | damage. [potion of mutation]
  3749 | D:5      | Lost mutation: Your mind is acute. (Int +4, Str/Dex -1)
                  | [potion of mutation]
  3749 | D:5      | Gained mutation: Your flesh is heat resistant. (rF+)
                  | [potion of mutation]
  3749 | D:5      | Gained mutation: Your mind is acute. (Int +4, Str/Dex -1)
                  | [potion of mutation]
  3749 | D:5      | Gained mutation: You are robust. (+10% HP) [potion of
                  | mutation]
  3773 | D:5      | Found an ornate altar of the Wu Jian Council.
  3773 | D:5      | Found a radiant altar of Vehumet.
  3781 | D:5      | Found a faded altar of an unknown god.
  3783 | D:5      | Found a blossoming altar of Fedhas.
  3785 | D:5      | Found a faded altar of an unknown god.
  3806 | D:5      | Found an opulent altar of Gozag.
  4042 | D:6      | Noticed Grinder
  4048 | D:6      | Killed Grinder
  4049 | D:6      | Reached skill level 5 in Armour
  4049 | D:6      | Reached skill level 1 in Hexes
  4277 | D:6      | Found a transporter.
  4328 | D:7      | Noticed Joseph
  4350 | D:7      | Killed Joseph
  4587 | D:6      | Reached * piety under Qazlal
  4694 | D:7      | Gained mutation: You are mostly covered in molten scales.
                  | (AC +3) [demonic ancestry]
  4694 | D:7      | Reached XP level 10. HP: 83/83 MP: 11/13
  5085 | D:6      | Noticed SecretSquirrel's ghost (amateur MiHu)
  5087 | D:6      | Identified the +9 giant club "Brush" {pain, rC- rCorr
                  | Dex+2}
  5090 | D:6      | Found a transporter.
  5171 | D:6      | Killed SecretSquirrel's ghost
  5417 | D:9      | Noticed a two-headed ogre
  6054 | D:7      | Reached skill level 10 in Axes
  6054 | D:7      | Reached skill level 5 in Invocations
  6363 | D:8      | Reached ** piety under Qazlal
  6365 | D:8      | Reached skill level 5 in Shields
  6390 | D:8      | Learned a level 2 spell: Ensorcelled Hibernation
  6571 | D:9      | Identified the +0 robe of Loss {Str+4}
  6586 | D:8      | Found a sparkling altar of Nemelex Xobeh.
  6809 | D:10     | Entered Level 10 of the Dungeon
  6867 | D:9      | Reached skill level 1 in Spellcasting
  6882 | D:10     | Gained mutation: You have a tail ending in a sharp stinger.
                  | [demonic ancestry]
  6882 | D:10     | Reached XP level 11. HP: 91/91 MP: 15/15
  6919 | D:10     | Found a bloodstained altar of Trog.
  6924 | D:10     | Found a sacrificial altar of Ru.
  7363 | D:9      | Reached *** piety under Qazlal
  7423 | D:9      | Found a staircase to the Orcish Mines.
  7452 | D:9      | Killed a two-headed ogre
  9514 | D:10     | Reached skill level 5 in Hexes
  9651 | D:12     | Noticed a boulder beetle
  9665 | D:12     | Killed a boulder beetle
  9673 | D:12     | Noticed a two-headed ogre
  9697 | D:11     | Killed a two-headed ogre
  9714 | D:12     | Noticed a two-headed ogre
  9716 | D:12     | Reached **** piety under Qazlal
  9944 | D:11     | Killed a two-headed ogre
 10122 | D:13     | Noticed a brown ugly thing
 10122 | D:13     | Noticed a centaur warrior
 10136 | D:12     | Killed a brown ugly thing
 10140 | D:13     | Noticed a red ugly thing
 10147 | D:12     | Killed a red ugly thing
 10200 | D:13     | Noticed a catoblepas
 10223 | D:13     | Killed a centaur warrior
 10224 | D:13     | Reached XP level 12. HP: 99/100 MP: 16/18
 10225 | D:13     | Noticed a centaur warrior
 10237 | D:12     | Killed a catoblepas
 10626 | D:11     | Reached skill level 5 in Dodging
 10744 | D:11     | Noticed a two-headed ogre
 10757 | D:11     | Killed a two-headed ogre
 10850 | D:11     | Noticed a two-headed ogre
 11107 | D:11     | Killed a two-headed ogre
 11274 | D:11     | Reached ***** piety under Qazlal
 11320 | D:12     | Noticed a centaur warrior
 11329 | D:11     | Killed a centaur warrior
 11364 | D:12     | Reached skill level 10 in Invocations
 11422 | D:12     | Found an ancient bone altar of Kikubaaqudgha.
 11562 | D:13     | Noticed a boulder beetle
 11591 | D:13     | Killed a boulder beetle
 11604 | D:13     | Noticed a centaur warrior
 11612 | D:13     | Killed a centaur warrior
 11613 | D:13     | Gained mutation: You are completely covered in molten
                  | scales. (AC +4, rF+) [demonic ancestry]
 11613 | D:13     | Reached XP level 13. HP: 86/107 MP: 17/20
 11932 | D:12     | Found a portal to a secret trove of treasure.
 12803 | D:13     | Found a gate to the Vaults.
 13569 | D:15     | Entered Level 15 of the Dungeon
 13782 | D:14     | Identified the +6 dagger of Ydwedy {flame, Int+3}
 14446 | D:14     | Reached XP level 14. HP: 47/116 MP: 12/22
 14656 | D:14     | Found the +3 salamander hide armour {Flames, rFlCloud rF++
                  | rC--}
 15746 | D:11     | Found a staircase to the Lair.
 16230 | Orc:1    | Entered Level 1 of the Orcish Mines
 16306 | Orc:1    | Noticed an orc warlord
 16333 | D:9      | Killed an orc warlord
 16387 | D:9      | Reached ****** piety under Qazlal
 16449 | Orc:1    | Paralysed by an orc sorcerer for 4 turns
 16656 | Orc:1    | Noticed an orc warlord
 16663 | Orc:1    | Noticed an orc warlord
 16666 | Orc:1    | Killed an orc warlord
 16673 | Orc:1    | Killed an orc warlord
 16676 | Orc:1    | Noticed an orc warlord
 16691 | Orc:1    | Killed an orc warlord
 16990 | Orc:2    | Entered Level 2 of the Orcish Mines
 17008 | Orc:2    | Found a frozen archway.
 17031 | IceCv    | Entered an ice cave
 17552 | IceCv    | Identified the ring of Immorality {rElec AC+4 Str-4 Int+8
                  | Dex+3}
 18544 | Orc:2    | Found a transporter.
 18559 | Orc:2    | Noticed snackwell's ghost (journeyman MfGl)
 18570 | Orc:2    | Found a transporter.
 18649 | Orc:2    | Found Emosho's Jewellery Shoppe.
 18655 | Orc:2    | Bought the ring of Sicson Akla {rN+ Str+6} for 708 gold
                  | pieces
 18655 | Orc:2    | Bought a ring of resist corrosion for 300 gold pieces
 18655 | Orc:2    | Bought a ring of see invisible for 225 gold pieces
 18726 | Orc:2    | Found a staircase to the Elven Halls.
 18846 | Orc:2    | Found a runed translucent door.
 18897 | Orc:2    | Found Peutil's Armour Shoppe.
 18897 | Orc:2    | Found Houxko's Antique Weapon Boutique.
 18899 | Orc:2    | Found Lyhunini's Distillery.
 18901 | Orc:2    | Found Hihaojih's Armour Emporium.
 18908 | Orc:2    | Bought a potion of heal wounds for 55 gold pieces
 18908 | Orc:2    | Bought a potion of mutation for 88 gold pieces
 19396 | Lair:1   | Entered Level 1 of the Lair of Beasts
 20130 | Lair:2   | Gained mutation: You sometimes gain power by taking damage.
                  | [demonic ancestry]
 20130 | Lair:2   | Reached XP level 15. HP: 125/125 MP: 24/24
 20165 | Lair:3   | Reached skill level 10 in Hexes
 20364 | Lair:2   | Reached skill level 1 in Evocations
 20415 | Lair:2   | Identified the +2 scimitar of Perfectionism {drain, rElec
                  | rC+}
 20552 | Lair:2   | Found a staircase to the Snake Pit.
 21225 | Orc:2    | Bought the +3 pair of gauntlets of War {Slay+5} for 712
                  | gold pieces
 21225 | Orc:2    | Found the +3 pair of gauntlets of War {Slay+5}
 21566 | Lair:2   | Found a staircase to the Swamp.
 21641 | Lair:2   | Got the Grimoire of Companions
 22289 | Lair:4   | Found a staircase to the Slime Pits.
 22485 | Lair:4   | Reached skill level 10 in Fighting
 22536 | Lair:5   | Entered Level 5 of the Lair of Beasts
 23545 | Lair:5   | Reached skill level 15 in Axes
 23758 | Lair:5   | Reached skill level 10 in Shields
 24801 | D:15     | Gained mutation: You have a sharp stinger which inflicts
                  | weakening toxins. [demonic ancestry]
 24801 | D:15     | Reached XP level 16. HP: 59/134 MP: 19/26
 25021 | D:15     | Found a staircase to the Depths.
 25053 | D:15     | Found a bloodstained altar of Trog.
 25802 | Swamp:1  | Entered Level 1 of the Swamp
 26389 | Swamp:1  | You are sucked into a shaft and drop 1 floor!
 26418 | Swamp:2  | Reached skill level 5 in Evocations
 26428 | Swamp:2  | Noticed Jorgrun
 26460 | Swamp:2  | Killed Jorgrun
 26559 | Swamp:1  | Noticed a kraken
 26771 | Swamp:1  | Killed a kraken
 27492 | Swamp:3  | Reached skill level 15 in Invocations
 27594 | Swamp:4  | Entered Level 4 of the Swamp
 27686 | Swamp:4  | Noticed a thorn hunter
 28007 | Swamp:4  | Gained mutation: Your demonic aura often causes spilled
                  | blood to erupt in flames. [demonic ancestry]
 28007 | Swamp:4  | Reached XP level 17. HP: 44/143 MP: 22/28
 28013 | Swamp:4  | Paralysed by a fenstrider witch for 5 turns
 28753 | Swamp:4  | Paralysed by a fenstrider witch for 2 turns
 29106 | Swamp:4  | Got the Handbook of Dimensional Phlogiston
 29415 | Swamp:4  | Noticed the 27-headed Lernaean hydra
 29419 | Swamp:4  | Killed the 26-headed Lernaean hydra
 29427 | Swamp:4  | Got a decaying rune of Zot
 29781 | Snake:1  | Entered Level 1 of the Snake Pit
 30404 | Snake:1  | Found Geenla's Armour Shoppe.
 30413 | Snake:1  | Bought the +2 helmet "Xyruewna" {Will+ Dex+2} for 469 gold
                  | pieces
 32330 | Snake:1  | Noticed Aizul
 32349 | Snake:1  | Killed Aizul
 32843 | Snake:3  | Noticed Agnes
 32850 | Snake:3  | Killed Agnes
 32869 | Snake:4  | Entered Level 4 of the Snake Pit
 32927 | Snake:3  | Found Wahidd's Distillery.
 32936 | Snake:3  | Bought 2 potions of heal wounds for 150 gold pieces
 32936 | Snake:3  | Bought a potion of berserk rage for 75 gold pieces
 33226 | Snake:3  | Gained mutation: You are powered by pain. [demonic
                  | ancestry]
 33226 | Snake:3  | Reached XP level 18. HP: 151/151 MP: 30/30
 33256 | Snake:3  | Found Oter's Book Shoppe.
 33257 | Snake:3  | Found Dioxt's Jewellery Shop.
 33259 | Snake:3  | Found Guihup's Book Shoppe.
 33467 | Snake:4  | Found an iron altar of Okawaru.
 35110 | Snake:4  | Got a serpentine rune of Zot
 35475 | Vaults:1 | Entered Level 1 of the Vaults
 36089 | Vaults:1 | Found Garphiuf's Weapon Shop.
 36128 | Vaults:1 | Reached XP level 19. HP: 160/160 MP: 31/31
 36572 | Vaults:1 | Found the +8 storm bow {elec, penet}
 37369 | Vaults:2 | Found a staircase to the Crypt.
 37393 | Vaults:2 | Found a huge runed gate.
 37393 | Vaults:2 | Found a huge runed gate.
 37393 | Vaults:2 | Found a huge runed gate.
 37393 | Vaults:2 | Found a huge runed gate.
 37393 | Vaults:2 | Found a huge runed gate.
 37393 | Vaults:2 | Found a huge runed gate.
 37393 | Vaults:2 | Found a huge runed gate.
 37394 | Vaults:2 | Found a huge runed gate.
 37394 | Vaults:2 | Found a huge runed gate.
 37394 | Vaults:2 | Found a huge runed gate.
 37401 | Vaults:2 | Found a huge runed gate.
 37401 | Vaults:2 | Found a huge runed gate.
 37401 | Vaults:2 | Found a huge runed gate.
 37401 | Vaults:2 | Found a huge runed gate.
 37401 | Vaults:2 | Found a huge runed gate.
 37401 | Vaults:2 | Found a huge runed gate.
 37402 | Vaults:2 | Found a huge runed gate.
 37403 | Vaults:2 | Found a huge runed gate.
 37404 | Vaults:2 | Found a huge runed gate.
 37412 | Vaults:2 | Found a huge runed gate.
 37412 | Vaults:2 | Found a huge runed gate.
 37412 | Vaults:2 | Found a huge runed gate.
 37412 | Vaults:2 | Found a huge runed gate.
 37412 | Vaults:2 | Found a huge runed gate.
 37412 | Vaults:2 | Found a huge runed gate.
 37413 | Vaults:2 | Found a huge runed gate.
 37414 | Vaults:2 | Found a huge runed gate.
 37415 | Vaults:2 | Found a huge runed gate.
 37423 | Vaults:2 | Found a huge runed gate.
 37423 | Vaults:2 | Found a huge runed gate.
 37423 | Vaults:2 | Found a huge runed gate.
 37423 | Vaults:2 | Found a huge runed gate.
 37423 | Vaults:2 | Found a huge runed gate.
 37423 | Vaults:2 | Found a huge runed gate.
 37424 | Vaults:2 | Found a huge runed gate.
 37425 | Vaults:2 | Found a huge runed gate.
 37540 | Vaults:2 | Reached skill level 10 in Evocations
 37950 | Vaults:2 | Identified the amulet of Curiosity {Spirit rCorr Slay+3}
 38105 | Vaults:3 | Found Qaess's Weapon Shop.
 38467 | Vaults:3 | Found Zixisom's Book Shoppe.
 38486 | Vaults:3 | Bought Great Wizards, Vol. VII for 390 gold pieces
 38486 | Vaults:3 | Bought the Grimoire of Glowing Interference for 442 gold
                  | pieces
 38494 | Vaults:3 | Learned a level 3 spell: Tukima's Dance
 38498 | Vaults:3 | Learned a level 3 spell: Summon Guardian Golem
 38593 | Vaults:3 | Found Yrarcha's Armour Emporium.
 39386 | Vaults:4 | Noticed Zenata
 39506 | Vaults:4 | HP: 8/163 [+3 long sword of protection[Zenata] (10)]
 39512 | Vaults:4 | HP: 8/163 [Zenata/a resonance strike (15)]
 39513 | Vaults:4 | Gained mutation: Your magical and physical power is
                  | slightly enhanced at high health. [demonic ancestry]
 39513 | Vaults:4 | Reached XP level 20. HP: 8/171 MP: 1/33
 39513 | Vaults:4 | Found Buma's Antique Armour Shoppe.
 40037 | Vaults:4 | Learned a level 3 spell: Inner Flame
 40149 | Vaults:4 | Reached skill level 10 in Dodging
 41088 | Vaults:3 | Killed Zenata
 41342 | Vaults:4 | Found Oqesusyoss's Weapon Shop.
 42186 | Vaults:4 | Noticed Margery
 42193 | Vaults:4 | Killed Margery
 42648 | Elf:1    | Entered Level 1 of the Elven Halls
 42777 | Elf:1    | Noticed Frances
 42784 | Elf:1    | Killed Frances
 42790 | Elf:1    | Reached skill level 15 in Shields
 42883 | Elf:1    | Got Aclounk's Parchment of the Legion
 43304 | D:12     | You paid a toll of 6 scrolls of fog to enter a treasure
                  | trove
 43305 | Trove    | Entered a treasure trove
 43310 | Trove    | Identified the +1 dagger "Orb Guardian's Curse" {antimagic,
                  | Will+}
 43311 | Trove    | Identified the +8 whip of Lotin {antimagic, Int+2}
 43313 | Trove    | Identified the +1 spear "Grum" {antimagic, Str-2 Int+3
                  | Dex+2 Stlth+}
 43334 | Trove    | Identified the +5 whip of Ceysyre {venom, rC+ Int+5}
 43336 | Trove    | Identified the +7 short sword of Lour Ace {venom, *Rage
                  | rC++}
 43350 | Trove    | Identified the +7 hand axe of Umuluesch {elec, rElec}
 43353 | Trove    | Identified the +5 short sword "Kidwuu Xukka" {elec, Str+4}
 43774 | Elf:1    | Found Kuhenton's Antique Armour Emporium.
 43870 | Elf:1    | Noticed Louise
 43891 | Elf:1    | Killed Louise
 44265 | Elf:1    | Found Pyabio Xoqi's Book Shop.
 44301 | Elf:1    | Found Munoheh's Magic Scroll Shoppe.
 44361 | Elf:1    | Found Loomiy's Book Shop.
 44503 | Elf:1    | Found a shimmering blue altar of Sif Muna.
 44648 | Elf:1    | Found Ankan's Assorted Antiques.
 44656 | Elf:1    | Bought a runed broad axe for 161 gold pieces
 44656 | Elf:1    | Bought a scroll of teleportation for 69 gold pieces
 45040 | Elf:3    | Entered Level 3 of the Elven Halls
 45164 | Elf:2    | Noticed Saint Roka
 45183 | Elf:2    | Killed Saint Roka
 45227 | Elf:1    | Found an ancient bone altar of Kikubaaqudgha.
 45515 | Elf:2    | Found a huge runed translucent gate.
 45515 | Elf:2    | Found a huge runed translucent gate.
 45516 | Elf:2    | Found a huge runed translucent gate.
 45521 | Elf:2    | Found a huge runed translucent gate.
 45521 | Elf:2    | Found a huge runed translucent gate.
 46282 | Elf:3    | Gained mutation: Your magical and physical power is
                  | enhanced at high health. [demonic ancestry]
 46282 | Elf:3    | Reached XP level 21. HP: 181/181 MP: 34/34
 46471 | Elf:3    | Identified Roxanne's Collected Works on the Mountains
 46471 | Elf:3    | Noticed Roxanne
 46492 | Elf:3    | Killed Roxanne
 46748 | Elf:3    | Identified the ring of Miaskyun {rC+ Str-4 Dex+3 SInv}
 47057 | Elf:3    | Identified the +6 acid dragon scales of the Desert {rCorr
                  | Int-5 Dex+7}
 47501 | Elf:3    | Got the Vademecum on Petrous Gloom
 47502 | Elf:3    | Identified the staff of air "Gupics" {rElec rF+ rC+++ rN+
                  | Will-}
 47504 | Elf:3    | Identified the +1 dagger "Otzeh" {spect, Dex+5}
 47527 | Elf:3    | Found the +15 Maxwell's patent armour {-Cast -Tele rElec
                  | Will+ rCorr}
 47532 | Elf:3    | Got the Grimoire of Vapour and Misery
 47537 | Elf:3    | Identified the staff of fire "Deohi" {Fragile rElec rPois
                  | rF+ Stlth-}
 47555 | Elf:3    | Identified the +9 spear "Laup" {flame, rC+ Str+2}
 48398 | Elf:3    | Found the +2 cloak of the Thief {*Fog Slay-2 SInv Stlth+}
 48443 | Elf:3    | Got the Compendium of Inconstant Curses
 49153 | Vaults:5 | Entered Level 5 of the Vaults
 49165 | Vaults:5 | Noticed a golden dragon
 49193 | Vaults:5 | Noticed a golden dragon
 49313 | Vaults:5 | Noticed a golden dragon
 49401 | Vaults:4 | Killed a golden dragon
 49401 | Vaults:4 | Killed a golden dragon
 49403 | Vaults:4 | Killed a golden dragon
 49724 | Vaults:5 | Noticed a golden dragon
 49825 | Vaults:4 | Killed a golden dragon
 49963 | Vaults:4 | Reached skill level 15 in Fighting
 50676 | Vaults:4 | Reached XP level 22. HP: 163/191 MP: 31/35
 50941 | Vaults:5 | Noticed Boris
 51399 | Vaults:4 | Reached skill level 10 in Armour
 52080 | Vaults:5 | Noticed an ancient lich
 52575 | Vaults:4 | Killed an ancient lich
 52579 | Vaults:4 | Killed Boris
 53916 | Vaults:5 | Learned a level 4 spell: Cause Fear
 53943 | Vaults:5 | Got the Information on Grey Putrescence
 54471 | Vaults:5 | Got a silver rune of Zot
 54685 | Vaults:5 | Found Miuhaxal's Distillery.
 54690 | Vaults:5 | Bought a potion of experience for 600 gold pieces
 54690 | Vaults:5 | Bought 2 potions of mutation for 192 gold pieces
 54690 | Vaults:5 | Reached XP level 23. HP: 201/201 MP: 36/36
 54957 | Vaults:5 | Found Lateru's Distillery.
 54965 | Vaults:5 | Bought a potion of mutation for 112 gold pieces
 54965 | Vaults:5 | Bought a potion of mutation for 112 gold pieces
 54965 | Vaults:5 | Bought a potion of mutation for 112 gold pieces
 54990 | Vaults:5 | Found Oqoeva's Magic Scroll Boutique.
 54994 | Vaults:5 | Bought a scroll of enchant armour for 150 gold pieces
 55335 | Slime:1  | Entered Level 1 of the Pits of Slime
 55618 | Slime:4  | Reached skill level 15 in Hexes
 55849 | Slime:5  | Entered Level 5 of the Pits of Slime
 55855 | Slime:5  | Gained mutation: You occasionally shout uncontrollably at
                  | your foes. [a shining eye]
 55864 | Slime:5  | Gained mutation: You occasionally lose the ability to read
                  | scrolls when taking damage. [a shining eye]
 55880 | Slime:4  | Lost mutation: You occasionally lose the ability to read
                  | scrolls when taking damage. [potion of mutation]
 55880 | Slime:4  | Lost mutation: You are robust. (+10% HP) [potion of
                  | mutation]
 55880 | Slime:4  | Lost mutation: Your flesh is heat resistant. (rF+) [potion
                  | of mutation]
 55880 | Slime:4  | Gained mutation: You are vulnerable to cold. (rC-) [potion
                  | of mutation]
 55929 | Slime:5  | Noticed the Royal Jelly
 55996 | Slime:5  | Killed the Royal Jelly
 56001 | Slime:4  | HP: 9/184 [rockslime[the Royal Jelly] (29)]
 56012 | Slime:4  | HP: 6/184 [rockslime[the Royal Jelly] (34)]
 57215 | Slime:2  | You fall into a shaft and drop 1 floor!
 57362 | Slime:5  | Identified the +10 quarterstaff of Poverty {freeze, Contam
                  | +Blink Fly rC+}
 57405 | Slime:5  | Identified the +0 leather armour of Adeaf {rC+ Str-3 Int+9
                  | Slay-6}
 57417 | Slime:5  | Identified the +6 whip of the Eight Wars {heavy, rElec
                  | Dex+5 SInv Stlth-}
 57434 | Slime:5  | Got a slimy rune of Zot
 57488 | Slime:5  | Identified the +3 flail "Leviticus" {vamp, *Noise rElec
                  | Str-4 Dex+5}
 57680 | Slime:2  | Gained mutation: Your demonic aura causes all spilled blood
                  | to erupt in flames. [demonic ancestry]
 57680 | Slime:2  | Reached XP level 24. HP: 191/193 MP: 35/36
 57950 | Depths:1 | Entered Level 1 of the Depths
 57952 | Depths:1 | Noticed Nikola
 57988 | D:15     | Killed Nikola
 58072 | Depths:1 | Found a gateway to Hell.
 58618 | Depths:2 | Reached skill level 15 in Evocations
 58892 | Depths:1 | Identified a scroll of acquirement
 58894 | Depths:1 | Identified the +0 plate armour "Xaroash" {Fly Will++ Int+3}
 58926 | Depths:1 | Found a one-way gate leading to the halls of Pandemonium.
 59203 | Depths:2 | Found a one-way gate to the infinite horrors of the Abyss.
 59757 | Depths:3 | Found a one-way gateway to a ziggurat.
 60103 | Depths:3 | Found an opulent altar of Gozag.
 60244 | Depths:4 | Entered Level 4 of the Depths
 60681 | Depths:2 | Noticed a royal mummy
 60703 | Depths:2 | Killed a royal mummy
 60926 | Depths:2 | Noticed a royal mummy
 60934 | Depths:2 | Noticed a royal mummy
 60935 | Depths:2 | Killed a royal mummy
 60941 | Depths:2 | Killed a royal mummy
 61399 | Depths:2 | Found the +7 sceptre of Torment {pain, torment}
 61600 | Depths:3 | Found the +10 dark maul {heavy}
 61823 | D:11     | Acquired the +0 pair of gloves "Rurav" {+Blink rPois}
 62404 | Depths:4 | Identified the +6 sling of the Whale {elec, rF+}
 62694 | Depths:4 | Noticed a juggernaut
 62705 | Depths:4 | Killed a juggernaut
 63074 | Depths:4 | Reached XP level 25. HP: 203/203 MP: 36/36
 63439 | Depths:4 | Found a gate to the Realm of Zot.
 63688 | Hell     | Entered the Vestibule of Hell
 63688 | Hell     | Noticed Geryon
 63711 | Hell     | Gained mutation: You are very vulnerable to cold. (rC--) [a
                  | cacodemon]
 63901 | Hell     | Killed Geryon
 64423 | Hell     | Found a gateway to the decaying netherworld of Tartarus.
 64739 | Hell     | Found a gateway to the ashen valley of Gehenna.
 64912 | Hell     | Found a gateway to the Iron City of Dis.
 65065 | Hell     | Found a gateway to the freezing wastes of Cocytus.
 65158 | Geh:1    | Entered Level 1 of Gehenna
 66129 | Hell     | Upgraded the game from 0.30.0-16-gbe6223bb7e to
                  | 0.30.0-17-ge0270778cf
 68126 | Geh:5    | Noticed a dread lich
 68155 | Hell     | Killed a dread lich
 68584 | Zot:1    | Entered Level 1 of the Realm of Zot
 68994 | Zot:1    | Reached XP level 26. HP: 177/191 MP: 34/36
 69088 | Zot:1    | Identified the +6 ring mail of Foce {Int+9}
 71376 | Zot:3    | Noticed an orb of fire
 71391 | Zot:3    | Gained mutation: You do not regenerate when monsters are
                  | visible. [an orb of fire]
 71394 | Zot:3    | Gained mutation: Armour fits poorly on your strangely
                  | shaped body. [an orb of fire]
 71395 | Zot:3    | Killed an orb of fire
 71781 | D:11     | Lost mutation: Your mind is acute. (Int +4, Str/Dex -1)
                  | [potion of mutation]
 71781 | D:11     | Lost mutation: Armour fits poorly on your strangely shaped
                  | body. [potion of mutation]
 71781 | D:11     | Lost mutation: You occasionally shout uncontrollably at
                  | your foes. [potion of mutation]
 71781 | D:11     | Gained mutation: Your flesh is heat resistant. (rF+)
                  | [potion of mutation]
 71782 | D:11     | Lost mutation: You do not regenerate when monsters are
                  | visible. [potion of mutation]
 71782 | D:11     | Lost mutation: Your flesh is heat resistant. (rF+) [potion
                  | of mutation]
 71782 | D:11     | Lost mutation: You are very vulnerable to cold. (rC--)
                  | [potion of mutation]
 71782 | D:11     | Gained mutation: You occasionally lose the ability to drink
                  | potions when taking damage. [potion of mutation]
 71782 | D:11     | Gained mutation: You are dopey. (Int -2) [potion of
                  | mutation]
 71782 | D:11     | Gained mutation: You are agile. (Dex +4, Str/Int -1)
                  | [potion of mutation]
 71782 | D:11     | Gained mutation: You have sharp toenails. [potion of
                  | mutation]
 71783 | D:11     | Lost mutation: You are dopey. (Int -2) [potion of mutation]
 71783 | D:11     | Lost mutation: You are agile. (Dex +4, Str/Int -1) [potion
                  | of mutation]
 71783 | D:11     | Lost mutation: You occasionally lose the ability to drink
                  | potions when taking damage. [potion of mutation]
 71783 | D:11     | Gained mutation: Your muscles are strong. (Str +4, Int/Dex
                  | -1) [potion of mutation]
 71783 | D:11     | Gained mutation: You have razor-sharp toenails. [potion of
                  | mutation]
 71783 | D:11     | Gained mutation: You are covered in fur. (AC +1) [potion of
                  | mutation]
 71783 | D:11     | Gained mutation: A frigid envelope surrounds you and
                  | freezes all who hurt you. [potion of mutation]
 71982 | Orc:2    | Lost mutation: Your muscles are strong. (Str +4, Int/Dex
                  | -1) [a neqoxec]
 71994 | Orc:2    | Killed snackwell's ghost
 72000 | Orc:2    | Identified the ring of Mureh {Contam EV+5 Dex+8}
 72300 | Depths:2 | Voluntarily entered the Abyss.
 72311 | Abyss:1  | Found a corrupted altar of Lugonu.
 72519 | Abyss:2  | Paralysed by accursed screaming for 1 turns
 72919 | Abyss:3  | Paralysed by accursed screaming for 1 turns
 72943 | Depths:2 | Escaped the Abyss
 73280 | Depths:2 | Voluntarily entered the Abyss.
 73289 | Abyss:3  | Found a corrupted altar of Lugonu.
 73328 | Abyss:3  | Found a corrupted altar of Lugonu.
 73328 | Abyss:3  | Found a corrupted altar of Lugonu.
 73814 | Depths:2 | Escaped the Abyss
 74042 | Depths:2 | Voluntarily entered the Abyss.
 74043 | Abyss:3  | Noticed a dread lich
 74060 | Abyss:3  | Killed a dread lich
 74190 | Abyss:3  | Gained mutation: Your magical and physical power is greatly
                  | enhanced at high health. [demonic ancestry]
 74190 | Abyss:3  | Reached XP level 27. HP: 224/226 MP: 29/37
 74269 | Abyss:3  | Noticed an ancient lich
 74302 | Abyss:3  | Killed an ancient lich
 74843 | Abyss:4  | Found a corrupted altar of Lugonu.
 75000 | Abyss:4  | Gained mutation: Your spells are a little easier to cast,
                  | but a little less powerful. [a neqoxec]
 75045 | Abyss:4  | Found a corrupted altar of Lugonu.
 75352 | Abyss:4  | HP: 9/231 [smoke demon/divine providence (9)]
 75601 | Abyss:5  | Gained mutation: You have hidden genetic defects. [a
                  | neqoxec]
 75637 | Abyss:5  | HP: 11/231 [juggernaut skeleton[a necromancer] (13)]
 75637 | Abyss:5  | HP: 3/231 [nagaraja skeleton[a necromancer] (7)]
 75637 | Abyss:5  | HP: 1/231 [constriction[a necromancer] (2)]
 75649 | Depths:2 | Escaped the Abyss
 75654 | Depths:2 | Lost mutation: You have hidden genetic defects. [potion of
                  | mutation]
 75654 | Depths:2 | Lost mutation: A frigid envelope surrounds you and freezes
                  | all who hurt you. [potion of mutation]
 75654 | Depths:2 | Lost mutation: You have razor-sharp toenails. [potion of
                  | mutation]
 75654 | Depths:2 | Gained mutation: You have a pair of small horns on your
                  | head. [potion of mutation]
 75654 | Depths:2 | Lost mutation: You have a pair of small horns on your head.
                  | [potion of mutation]
 75654 | Depths:2 | Gained mutation: You have sharp fingernails. [potion of
                  | mutation]
 76363 | Zot:2    | Killed from afar by a black draconian

Illustrated notes

Levels and vault maps discovered:
D:1:      minmay_arrival_radiant_lines, layout_rooms, serial_shops, shop,
          supply_closet_lemuel
D:2:      layout_rooms, nicolae_ecumenical_snake_handling
D:3:      layout_loops_ring, mainiacjoe_overflow_paths, hangedman_feature_mirror
D:4:      layout_gridville, mainiacjoe_overflow_concentric_impassable,
          minmay_fractal_squares_gapless_5, uniq_ijyb, uniq_edmund, uniq_sigmund
D:5:      layout_rooms, chequers_temple_overflow_minitemple, old_standard_altar,
          minmay_temple_entry_enclosed_plants, enter_ossuary_1,
          uniq_prince_ribbit1, uniq_pikel, uniq_eustachio, uniq_menkaure
D:6:      layout_loops_ring, gammafunk_ghost_smash, uniq_grinder
D:7:      layout_loops_ring, uniq_joseph
D:8:      layout_rooms, nicolae_elyvilon_peaceful_grove, kennysheep_mini,
          serial_demonic, serial_demonic_d, serial_demonic_g, serial_demonic_a,
          serial_demonic_f
D:9:      layout_small_grid, minmay_orc_entry_guard_dogs
D:10:     layout_basic, mainiacjoe_overflow_large_starburst
D:11:     lemuel_castle_with_subvaults [lemuel_castle_interior_carwin_1],
          layout_stronghold, dpeg_lair_monsters
D:12:     wander_kiku_kobolds, layout_loops_ring, trove_entry_hex_spiral
D:13:     layout_basic, grunt_vaults_entry_fortified, amcnicky_mini_pool_medium
D:14:     cheibrodos_elevator_heist, layout_irregular_city,
          minmay_misc_feat_rugged, dreamdust_wishing_well,
          hellmonk_guarded_unrand_salamander
D:15:     grunt_enter_depths_hoard, layout_stronghold, basic_altar
Temple:   hellmonk_temple_forest_ring
Lair:1:   wander_river, layout_small_grid, columned_hall_lemuel,
          hibernation_bobbens, grunt_megastairs_5
Lair:2:   layout_cave_pods, nicolae_swamp_entry_splash_gauntlet,
          minmay_snake_entry_guardpost_medium
Lair:3:   layout_small_grid
Lair:4:   layout_hall_layers, slime_entry_1, cheibrodos_lair_lostbears
Lair:5:   hangedman_lair_tendril_chambers, layout_loops_ring,
          grunt_forest_stairs_basic, serial_bayou_shore_b
Swamp:1:  layout_basic_swamp, evilmike_swamp_ruin_house_3, swamp_pool1,
          nicolae_swamp_thats_no_hydra
Swamp:2:  layout_basic_swamp, hangedman_swamp_ruin_hall, uniq_jorgrun
Swamp:3:  layout_falls_marsh, nicolae_swamp_ascending_descending_big
Swamp:4:  grunt_swamp_rune_castle, layout_basic_swamp, swamp_pool2,
          nicolae_swamp_trees_clearing, hangedman_swamp_diagram
Snake:1:  layout_grid_maze, serial_shops, nicolae_shop_just_a_little_nook,
          uniq_aizul
Snake:2:  layout_chambers
Snake:3:  layout_misc_corridors, serial_shops, shop, minmay_shop_grove,
          uniq_agnes
Snake:4:  snake_pit_salamanders_mu, layout_misc_corridors, basic_altar,
          chequers_hall_statues_corner_a
Slime:1:  layout_caves
Slime:2:  layout_caves
Slime:3:  layout_caves
Slime:4:  layout_caves, basic_altar
Slime:5
Orc:1:    layout_caves, minmay_orc_temple_c
Orc:2:    st_orc_rangers, layout_caves, gammafunk_ghost_stat_death,
          portal_ice_cave_demonic_guard, serial_shops, shop,
          lightli_church_of_beogh
Elf:1:    nicolae_elf_arrival_no_cutting_in_line, layout_loops_corners,
          basic_altar, serial_shops, shop,
          nicolae_shop_temple_entry_statues_fountains, shop,
          nicolae_shop_back_alley_shop, nicolae_shop_rolled_up,
          minmay_elf_demonology, nicolae_elf_v_pinch,
          amcnicky_mini_corridor_feature, lemuel_upstairs_altar, uniq_louise,
          uniq_frances
Elf:2:    elven_hall_of_blades_hangedman_alternative [mumra_blade_entry_dagger],
          layout_geoelf_grid, uniq_saint_roka
Elf:3:    grunt_elf_hall_diamonds, layout_geoelf_castle,
          serial_sigils_hangedman_gut, minmay_crystal_room,
          nicolae_elf_stone_circles, st_stairs_14, grunt_ministairs_8,
          uniq_roxanne
Vaults:1: dpeg_vaults_monster_box, nicolae_vaults_wine_cellar,
          nicolae_vaults_asterisk, nicolae_vaults_taking_the_gang_shopping,
          nicolae_vaults_two_Ls, nicolae_vaults_security_offices_1, v_pattern_2,
          vaults_standard_mumra_enter_the_diamond, hangedman_vaults_impose,
          ontoclasm_vaults_idyll, vaults_dpeg_cross,
          nicolae_vaults_yaktaur_gun_rack, nicolae_vaults_asterisk,
          layout_vaults_omnicross
Vaults:2: nicolae_vaults_sightless_eye, nicolae_vaults_heart-shaped_vault,
          minmay_crypt_entry_simple_statues, grunt_vaults_bifocal,
          nicolae_vaults_trapezoid_lopsided_3, hangedman_vaults_snaps,
          nicolae_vaults_closet_pinwheel_5, door_vault, v_misc_27,
          vaults_standard_mumra_lines, v_misc_19, layout_vaults_omnibox
Vaults:3: v_alt_pattern_2, nicolae_vaults_bisected_inception,
          grunt_vaults_focal, nicolae_vaults_tetromino_T_2, grunt_vaults_swirl,
          ontoclasm_vaults_ligature, vaults_room_door_ring,
          nicolae_vaults_steering_wheel, dpeg_vaults_monster_row,
          v_alt_pattern_1, v_rooms_6, v_misc_30, nicolae_vaults_trapezoid_4,
          layout_vaults_maze_bifur, serial_shops, shop, shop_coins, shop_coins
Vaults:4: nicolae_vaults_door_testing_chamber, hangedman_vaults_stitches,
          nicolae_vaults_six-pack, v_rooms_4, v_alt_pattern_1, v_rooms_1,
          ontoclasm_vaults_twist, ontoclasm_vaults_shuriken,
          nicolae_vaults_trapezoid_2, v_misc_1, layout_vaults_chaotic_city,
          serial_shops, shop, shop, uniq_margery, uniq_zenata
Vaults:5: serial_shops, uniq_boris
Depths:1: layout_cross, pf_coc_iceberg, rand_demon_pan_entry_7, zin_academy,
          grunt_megastairs_2, uniq_nikola
Depths:2: minmay_guarded_unrand_sceptre_of_torment, layout_cave_shapes,
          grunt_mini_vestibule, grunt_pan_entry_zigzag,
          hangedman_abyss_entry_splay, minmay_staircase_bubble
Depths:3: minmay_roctagon, layout_gridlike, enter_ziggurat_b, hell_entry,
          chequers_serial_rivers_large_a, abyss_entry, minmay_misc_feat_room,
          grunt_gozag_statues, infiniplex_staircase_star, firewood_loft
Depths:4: grunt_zot_entry_hairpin, layout_gridlike, hell_entry,
          hangedman_decor_diamond_cutter, rand_demon_pan_entry_4
Hell
Geh:1:    layout_gehenna_pools_triple
Geh:2:    nicolae_geh_realm_of_the_lava_sea
Geh:3:    layout_gehenna_lava_caves
Geh:4:    layout_gehenna_pools_basic
Geh:5:    layout_gehenna_lava_caves
Zot:1:    layout_gridlike, grunt_megastairs_1
Zot:2:    kennysheep_oblong_rooms, layout_cathedral_of_symmetry
Zot:3:    kennysheep_bubbly, layout_gridlike

Skill      XL: |  1  2  3  4  5  6  7  8  9 10 11 12 13 14 15 16 17 18 19 20 21 22 23 24 25 26 27 |
---------------+----------------------------------------------------------------------------------+-----
Axes           | 2 3 4 5 6 8 9 10 11 12 13 14 15 16 17 18 | 18.0
Shields        | 3 4 5 6 7 9 10 11 12 13 14 15 16 17 18 19 20 21 22 | 22.1
Armour         | 3 4 5 6 7 8 9 10 11 12 13 14 | 14.9
Dodging        | 1 2 3 4 5 6 7 8 9 10 11 | 11.1
Fighting       | 4 5 6 7 8 9 10 11 12 13 14 15 16 17 19 20 22 | 22.3
Throwing       | 1 2 |  2.0
Invocations    | 4 6 8 10 11 13 14 15 16 17 18 20 21 | 21.1
Hexes          | 2 4 5 7 8 9 10 11 12 13 14 15 16 | 16.7
Spellcasting   | 1 2 3 4 |  4.3
Evocations     | 4 6 7 9 11 12 13 14 15 16 17 18 | 18.4
Stealth        | |  0.8
Summonings     | |  0.8

Action                     |  1- 3 |  4- 6 |  7- 9 | 10-12 | 13-15 | 16-18 | 19-21 | 22-24 | 25-27 || total
---------------------------+-------+-------+-------+-------+-------+-------+-------+-------+-------++-------
  Melee: War axe           |    57 |   180 |   188 |    37 |    19 |       |       |       |       ||   481
         Tailslap          |     2 |    25 |    27 |   138 |   195 |   192 |   177 |   200 |   400 ||  1356
         Broad axe         |       |       |       |   636 |   949 |   837 |   835 |   718 |  1568 ||  5543
         Kick              |       |       |       |       |       |       |       |       |   425 ||   425
  Throw: Boomerang         |       |     4 |     4 |       |       |       |     2 |       |    13 ||    23
         Dart              |       |       |     1 |     7 |     6 |     1 |       |       |       ||    15
   Cast: Confusing Touch   |       |       |     2 |    18 |    15 |    25 |     5 |     1 |     3 ||    69
         Summon Guardian G |       |       |       |       |       |       |     6 |       |       ||     6
         Tukima's Dance    |       |       |       |       |       |       |     4 |     4 |       ||     8
         Cause Fear        |       |       |       |       |       |       |       |       |     1 ||     1
 Invoke: Upheaval          |       |       |       |     2 |     8 |     6 |     9 |     8 |    17 ||    50
         Elemental Force   |       |       |       |     1 |     4 |     6 |     7 |     5 |     8 ||    31
         Disaster Area     |       |       |       |       |       |       |     1 |       |     1 ||     2
  Evoke: Phantom mirror    |       |       |       |       |       |     1 |     1 |       |       ||     2
         Box of beasts     |       |       |       |       |       |     1 |     1 |     1 |     2 ||     5
         Wand              |       |       |       |       |       |       |     4 |       |     6 ||    10
         Condenser vane    |       |       |       |       |       |       |     1 |     1 |     2 ||     4
         Lightning rod     |       |       |       |       |       |       |       |     1 |     5 ||     6
         Horn of Geryon    |       |       |       |       |       |       |       |       |     1 ||     1
    Use: Scroll            |       |     8 |     5 |    10 |    11 |     9 |     4 |     8 |     5 ||    60
         Potion            |       |     2 |     3 |     1 |       |     6 |     3 |     6 |    17 ||    38
   Stab: Confused          |       |       |       |    18 |    16 |     6 |     2 |       |       ||    42
         Petrified         |       |       |       |     3 |       |       |       |       |       ||     3
         Distracted        |       |       |       |     1 |       |     1 |     1 |     1 |     4 ||     8
         Paralysed         |       |       |       |       |     3 |     1 |     1 |       |     1 ||     6
         Invisible         |       |       |       |       |       |     2 |       |       |       ||     2
 Armour: Scale mail        |    24 |    57 |       |       |       |       |       |       |       ||    81
         Chain mail        |       |     5 |       |       |       |       |       |       |       ||     5
         Ring mail         |       |    24 |    54 |   146 |   233 |   367 |   175 |       |       ||   999
         Gold dragon scale |       |       |       |       |       |       |   102 |   439 |   679 ||  1220
         Plate armour      |       |       |       |       |       |       |    28 |       |       ||    28
  Dodge: Dodged            |    36 |   101 |   117 |   461 |   552 |   341 |   324 |   273 |   340 ||  2545
         Repelled          |       |       |       |     3 |     5 |    29 |    20 |    32 |    35 ||   124
  Block: Buckler           |    20 |    42 |    37 |   279 |       |       |       |       |       ||   378
         Kite shield       |       |       |       |    84 |  1086 |   910 |   191 |   853 |  1459 ||  4583
         Tower shield      |       |       |       |       |       |   155 |   944 |       |       ||  1099
